AA
KANSAS CITY T-BONES @ CLEBURNE RAILROADERS
06/12/2098
 
TOP OF THE 1ST
Sioux City Explorers batting - Pitching for Kansas City T-Bones : RHP Al Mesa
Pitching: RHP Al Mesa
Batting: LHB Angel Villarroel 0-0: Foul Ball, location: 2F
0-1: Foul Ball, location: 3FF
0-2: SINGLE (Line Drive, 8LS, EV 98.1 MPH)
Batting: LHB Andrew Vance 0-0: Ball
1-0: Called Strike
1-1: Called Strike
1-2: Ball
2-2: TRIPLE (Line Drive, 89XD, EV 98.8 MPH)
Angel Villarroel scores
Batting: LHB Jay Mizrahi 0-0: Ball
1-0: Foul Ball, location: 2F
1-1: Ball
2-1: Foul Ball, location: 2F
2-2: Fly out, F2 (Popup, 25F, EV 85.0 MPH)
Batting: SHB Victor Jimenez 0-0: Fly out, F9 (Flyball, 89S, EV 89.4 MPH)
Runner from 3rd tags up, SCORES, throw by RF
Batting: RHB Izzy Mejilla 0-0: Ball
1-0: Called Strike
1-1: Fly out, F8 (Line Drive, 8LM, EV 94.4 MPH)
Top of the 1st over - 2 runs, 2 hits, 0 errors, 0 left on base; Sioux City 2 - Kansas City 0
BOTTOM OF THE 1ST
Kansas City T-Bones batting - Pitching for Sioux City Explorers : RHP Tony Tumax
Pitching: RHP Tony Tumax
Batting: RHB Gyoo-jae Kim 0-0: Foul Ball, location: 5FF
0-1: Ball
1-1: Swinging Strike
1-2: Foul Ball, location: 2F
1-2: Ball
2-2: Ball
3-2: Ground out 6-3 (Groundball, 6, EV 87.5 MPH)
Batting: RHB Ernie Broussard 0-0: Called Strike
0-1: Called Strike
0-2: Ball
1-2: Ball
2-2: Ball
3-2: Foul Ball, location: 3F
3-2: Base on Balls
Batting: SHB Ricardo Trejo 0-0: Called Strike
0-1: Ball
1-1: Called Strike
1-2: Foul Ball, location: 5F
1-2: Foul Ball, location: 2F
1-2: Foul Ball, location: 7LDF
1-2: Strikes out looking
Batting: LHB Matt Doucette 0-0: Swinging Strike
0-1: Foul Ball, location: 2F
0-2: Fly out, F8 (Flyball, 8RM, EV 86.9 MPH)
Bottom of the 1st over - 0 runs, 0 hits, 0 errors, 1 left on base; Sioux City 2 - Kansas City 0
TOP OF THE 2ND
Sioux City Explorers batting - Pitching for Kansas City T-Bones : RHP Al Mesa
Batting: RHB Keith Reed 0-0: Ball
1-0: Called Strike
1-1: SINGLE (Groundball, 56D, EV 110.0 MPH)
Batting: RHB Antonio Quintana 0-0: Ball
1-0: Ball
2-0: Ball
3-0: Base on Balls
Keith Reed to second
Batting: SHB Dustin Panka 0-0: Called Strike
0-1: Sac Bunt to 3S - play at first, batter OUT! 3-1
Keith Reed to third
Antonio Quintana to second
Batting: RHB Aaron Small 0-0: Foul Ball, location: 2F
0-1: Ball
1-1: Called Strike
1-2: SINGLE (Flyball, 89M, EV 85.0 MPH) - OUT at second base trying to stretch hit.
Keith Reed scores
Antonio Quintana scores
Batting: LHB Angel Villarroel 0-0: Foul Ball, location: 23F
0-1: Foul Ball, location: 2RF
0-2: Ball
1-2: Foul Ball, location: 3FF
1-2: Ball
2-2: SINGLE (Line Drive, 8LS, EV 100.0 MPH)
Batting: LHB Andrew Vance 0-0: DOUBLE (Line Drive, 89XD, EV 106.9 MPH)
Angel Villarroel to third
Batting: LHB Jay Mizrahi 0-0: Ball
1-0: Foul Ball, location: 7LMF
1-1: Swinging Strike
1-2: Strikes out swinging
Top of the 2nd over - 2 runs, 4 hits, 0 errors, 2 left on base; Sioux City 4 - Kansas City 0
BOTTOM OF THE 2ND
Kansas City T-Bones batting - Pitching for Sioux City Explorers : RHP Tony Tumax
Batting: RHB Tyler Barker 0-0: Ground out 5-3 (Groundball, 5D, EV 102.5 MPH)
Batting: LHB Daniel Mosley 0-0: Called Strike
0-1: Ball
1-1: Ball
2-1: SINGLE (Line Drive, 56, EV 98.8 MPH)
Batting: LHB Tom Lawson 0-0: DOUBLE (Flyball, 89D, EV 97.5 MPH)
Daniel Mosley to third
Batting: RHB Jesus de la Garza 0-0: Swinging Strike
0-1: Foul Ball, location: 2F
0-2: Ball
1-2: 3-RUN HOME RUN (Flyball, 7LD, EV 93.1 MPH), Distance : 344 ft
Batting: RHB Hector Cano 0-0: Called Strike
0-1: Foul Ball, location: 2F
0-2: Ball
1-2: Ball
2-2: Strikes out looking
Batting: RHB Gyoo-jae Kim 0-0: Fly out, F7 (Flyball, 7D, EV 95.6 MPH)
Bottom of the 2nd over - 3 runs, 3 hits, 0 errors, 0 left on base; Sioux City 4 - Kansas City 3
TOP OF THE 3RD
Sioux City Explorers batting - Pitching for Kansas City T-Bones : RHP Al Mesa
Batting: SHB Victor Jimenez 0-0: Foul Ball, location: 23FF
0-1: Foul Ball, location: 2RF
0-2: Ball
1-2: Fly out, F7 (Flyball, 7LM, EV 96.9 MPH)
Batting: RHB Izzy Mejilla 0-0: Called Strike
0-1: Ball
1-1: Swinging Strike
1-2: Strikes out swinging
Batting: RHB Keith Reed 0-0: Ball
1-0: Called Strike
1-1: Ball
2-1: Fly out, F9 (Flyball, 9D, EV 106.9 MPH)
Top of the 3rd over - 0 runs, 0 hits, 0 errors, 0 left on base; Sioux City 4 - Kansas City 3
BOTTOM OF THE 3RD
Kansas City T-Bones batting - Pitching for Sioux City Explorers : RHP Tony Tumax
Batting: RHB Ernie Broussard 0-0: Ball
1-0: Ball
2-0: Called Strike
2-1: Called Strike
2-2: Ball
3-2: Strikes out swinging
Batting: SHB Ricardo Trejo 0-0: Foul Ball, location: 2F
0-1: Foul Ball, location: 7LSF
0-2: Ball
1-2: Ball
2-2: Foul Ball, location: 25F
2-2: SINGLE (Groundball, 6M, EV 88.1 MPH) (infield hit)
Batting: LHB Matt Doucette 0-0: Ball
1-0: Called Strike
Ricardo Trejo is caught stealing 2nd base 2-6
1-1: Called Strike
1-2: Fly out, F7 (Flyball, 7LS, EV 76.9 MPH)
Bottom of the 3rd over - 0 runs, 1 hit, 0 errors, 0 left on base; Sioux City 4 - Kansas City 3
TOP OF THE 4TH
Sioux City Explorers batting - Pitching for Kansas City T-Bones : RHP Al Mesa
Batting: RHB Antonio Quintana 0-0: Called Strike
0-1: Swinging Strike
0-2: Foul Ball, location: 5SF
0-2: Ball
1-2: Ball
2-2: Strikes out swinging
Batting: SHB Dustin Panka 0-0: Ball
1-0: Ground out 5-3 (Groundball, 56, EV 95.0 MPH)
Batting: RHB Aaron Small 0-0: Fly out, F8 (Line Drive, 8RD, EV 90.6 MPH)
Top of the 4th over - 0 runs, 0 hits, 0 errors, 0 left on base; Sioux City 4 - Kansas City 3
BOTTOM OF THE 4TH
Kansas City T-Bones batting - Pitching for Sioux City Explorers : RHP Tony Tumax
Batting: RHB Tyler Barker 0-0: Foul Ball, location: 23FF
0-1: Called Strike
0-2: Ground out 6-3 (Groundball, 6, EV 102.5 MPH)
Batting: LHB Daniel Mosley 0-0: Called Strike
0-1: Ball
1-1: Ball
2-1: Swinging Strike
2-2: Foul Ball, location: 7LMF
2-2: Strikes out swinging
Batting: LHB Tom Lawson 0-0: Ball
1-0: Called Strike
1-1: SINGLE (Groundball, 34D, EV 101.3 MPH)
Batting: RHB Jesus de la Garza 0-0: Called Strike
0-1: Fly out, F9 (Flyball, 89M, EV 96.3 MPH)
Bottom of the 4th over - 0 runs, 1 hit, 0 errors, 1 left on base; Sioux City 4 - Kansas City 3
TOP OF THE 5TH
Sioux City Explorers batting - Pitching for Kansas City T-Bones : RHP Al Mesa
Batting: LHB Angel Villarroel 0-0: Ball
1-0: Ball
2-0: Swinging Strike
2-1: Foul Ball, location: 9LMF
2-2: Foul Ball, location: 7LMFF
2-2: Strikes out swinging
Batting: LHB Andrew Vance 0-0: Ball
1-0: Swinging Strike
1-1: Ball
2-1: Called Strike
2-2: Strikes out swinging
Batting: LHB Jay Mizrahi 0-0: Called Strike
0-1: Foul Ball, location: 9LMF
0-2: Ball
1-2: Ball
2-2: Strikes out swinging
Top of the 5th over - 0 runs, 0 hits, 0 errors, 0 left on base; Sioux City 4 - Kansas City 3
BOTTOM OF THE 5TH
Kansas City T-Bones batting - Pitching for Sioux City Explorers : RHP Tony Tumax
Batting: RHB Hector Cano 0-0: DOUBLE (Flyball, 8LXD, EV 90.0 MPH)
Batting: RHB Gyoo-jae Kim 0-0: Ball
1-0: Ball
2-0: Foul Ball, location: 2F
2-1: Swinging Strike
2-2: Ball
3-2: Foul Ball, location: 2F
3-2: Ground out 5-3 (Groundball, 5L, EV 84.4 MPH)
Batting: RHB Ernie Broussard 0-0: Ball
1-0: 2-RUN HOME RUN (Flyball, 9D, EV 94.4 MPH), Distance : 375 ft
Pitching: RHP Greg O'Neil
Batting: SHB Ricardo Trejo 0-0: Ball
1-0: Called Strike
1-1: Ball
2-1: Called Strike
2-2: SOLO HOME RUN (Flyball, 89XD, EV 113.1 MPH), Distance : 424 ft
Batting: LHB Matt Doucette 0-0: Ball
1-0: Ball
2-0: Fly out, F7 (Flyball, 7D, EV 96.3 MPH)
Batting: RHB Tyler Barker 0-0: Called Strike
0-1: Foul Ball, location: 2F
0-2: Ball
1-2: Strikes out swinging
Bottom of the 5th over - 3 runs, 3 hits, 0 errors, 0 left on base; Sioux City 4 - Kansas City 6
TOP OF THE 6TH
Sioux City Explorers batting - Pitching for Kansas City T-Bones : RHP Al Mesa
Batting: SHB Victor Jimenez 0-0: Ground out U3 (Groundball, 3, EV 92.5 MPH)
Batting: RHB Izzy Mejilla 0-0: Ball
1-0: Foul Ball, location: 9LDF
1-1: Foul Ball, location: 2F
1-2: Strikes out swinging
Batting: RHB Keith Reed 0-0: Ball
1-0: Ball
2-0: Foul Ball, location: 2F
2-1: Ground out 5-3 (Groundball, 5, EV 87.5 MPH)
Top of the 6th over - 0 runs, 0 hits, 0 errors, 0 left on base; Sioux City 4 - Kansas City 6
BOTTOM OF THE 6TH
Kansas City T-Bones batting - Pitching for Sioux City Explorers : RHP Greg O'Neil
Batting: LHB Daniel Mosley 0-0: Foul Ball, location: 7LMF
0-1: Called Strike
0-2: Ball
1-2: Ball
2-2: SOLO HOME RUN (Flyball, 8RXD, EV 108.1 MPH), Distance : 412 ft
Batting: LHB Tom Lawson 0-0: Swinging Strike
0-1: Fly out, F8 (Flyball, 8RS, EV 88.1 MPH)
Batting: RHB Jesus de la Garza 0-0: Swinging Strike
0-1: Foul Ball, location: 23FF
0-2: Ball
1-2: Foul Ball, location: 2F
1-2: Strikes out looking
Batting: RHB Hector Cano 0-0: Ball
1-0: Called Strike
1-1: Swinging Strike
1-2: SINGLE (Line Drive, 56D, EV 95.6 MPH)
Batting: RHB Gyoo-jae Kim 0-0: Swinging Strike
0-1: Fielders Choice at 2nd, 5-4 (Groundball, 56, EV 103.8 MPH)
Bottom of the 6th over - 1 run, 2 hits, 0 errors, 1 left on base; Sioux City 4 - Kansas City 7
TOP OF THE 7TH
Sioux City Explorers batting - Pitching for Kansas City T-Bones : RHP Al Mesa
Batting: RHB Antonio Quintana 0-0: Called Strike
0-1: Ball
1-1: Ball
2-1: Fly out, F9 (Flyball, 9, EV 84.4 MPH)
Batting: SHB Dustin Panka 0-0: Ball
1-0: Ball
2-0: Called Strike
2-1: Reached on error, E6 (Groundball, 6M, EV 88.8 MPH)
Batting: RHB Aaron Small 0-0: Swinging Strike
0-1: Ball
1-1: Swinging Strike
1-2: Strikes out swinging
Batting: LHB Angel Villarroel 0-0: 2-RUN HOME RUN (Flyball, 7D, EV 95.0 MPH), Distance : 357 ft
Pitching: RHP Ryan Davis
Batting: LHB Andrew Vance 0-0: Ball
1-0: SINGLE (Line Drive, 9LM, EV 89.4 MPH)
Batting: LHB Jay Mizrahi 0-0: Ball
1-0: Foul Ball, location: 2F
1-1: Ball
2-1: Ball
3-1: Base on Balls
Andrew Vance to second
Batting: SHB Victor Jimenez 0-0: SINGLE (Groundball, P, EV 80.0 MPH) (infield hit)
Andrew Vance to third
Jay Mizrahi to second
Batting: RHB Izzy Mejilla 0-0: Foul Ball, location: 5FF
0-1: Ball
1-1: Ball
2-1: Ball
3-1: SINGLE (Line Drive, 89S, EV 87.5 MPH)
Andrew Vance scores
Jay Mizrahi to third
Victor Jimenez to second
Runner from 3rd tries for Home, SAFE, throw by RF to home
Batting: RHB Keith Reed 0-0: Called Strike
0-1: Ball
1-1: Swinging Strike
1-2: Foul Ball, location: 2F
1-2: Ball
2-2: Ball
3-2: Strikes out looking
Top of the 7th over - 4 runs, 4 hits, 1 error, 2 left on base; Sioux City 8 - Kansas City 7
BOTTOM OF THE 7TH
Kansas City T-Bones batting - Pitching for Sioux City Explorers : RHP Greg O'Neil
Now at 1B: Andrew Vance
Now in LF: Joe Zych
Now in RF: Victor Jimenez
Batting: RHB Ernie Broussard 0-0: Called Strike
0-1: Ball
1-1: Ball
2-1: Ball
3-1: Foul Ball, location: 9LSF
3-2: Foul Ball, location: 23FF
3-2: Base on Balls
Pitching: LHP Alan Emerson
Batting: SHB Ricardo Trejo 0-0: Called Strike
0-1: Called Strike
0-2: Strikes out swinging
Pinch Hitting: RHB Cory Majors 0-0: Called Strike
0-1: 2-RUN HOME RUN (Flyball, 9LD, EV 93.1 MPH), Distance : 335 ft
Batting: RHB Tyler Barker 0-0: Called Strike
0-1: Ball
1-1: Foul Ball, location: 9LDF
1-2: Ball
2-2: DOUBLE (Flyball, 8RXD, EV 98.1 MPH)
Batting: LHB Daniel Mosley 0-0: Ball
1-0: Ball
2-0: Foul Ball, location: 2F
2-1: Foul Ball, location: 25F
2-2: Ball
3-2: Foul Ball, location: 2F
3-2: Foul Ball, location: 5SF
3-2: Strikes out swinging
Batting: LHB Tom Lawson 0-0: Ball
1-0: Foul Ball, location: 2F
1-1: SINGLE (Groundball, 4D, EV 110.6 MPH)
Tyler Barker to third
Runner from 3rd tries for Home, SAFE, throw by RF to home
Batting: RHB Jesus de la Garza 0-0: Swinging Strike
0-1: Called Strike
0-2: Ball
1-2: Foul Ball, location: 9LSF
1-2: Ball
2-2: Ball
3-2: Base on Balls
Tom Lawson to second
Pitching: RHP Chris Verrier
Batting: RHB Hector Cano 0-0: Ball
1-0: Foul Ball, location: 7LMFF
1-1: Swinging Strike
1-2: SINGLE (Line Drive, 8LS, EV 110.6 MPH)
Tom Lawson to third
Jesus de la Garza to second
Runner from 3rd tries for Home, SAFE, throw by CF to home
Batting: RHB Gyoo-jae Kim 0-0: Ball
1-0: Ball
2-0: Ball
3-0: Base on Balls
Jesus de la Garza to third
Hector Cano to second
Batting: RHB Ernie Broussard 0-0: Fly out, F9 (Flyball, 9S, EV 95.0 MPH)
Bottom of the 7th over - 4 runs, 4 hits, 0 errors, 3 left on base; Sioux City 8 - Kansas City 11
TOP OF THE 8TH
Sioux City Explorers batting - Pitching for Kansas City T-Bones : RHP Ryan Davis
Now at 1B: Cory Majors
Batting: RHB Antonio Quintana 0-0: Foul Ball, location: 5DF
0-1: Fly out, F6 (Line Drive, 6MD, EV 71.9 MPH)
Batting: SHB Dustin Panka 0-0: Foul Ball, location: 2F
0-1: Ball
1-1: Ball
2-1: Foul Ball, location: 7LMF
2-2: Strikes out swinging
Batting: RHB Aaron Small 0-0: Ball
1-0: Ball
2-0: Ball
3-0: Called Strike
3-1: Base on Balls
Pitching: RHP Francisco de Lira
Batting: LHB Joe Zych 0-0: Swinging Strike
0-1: Ball
1-1: Ball
2-1: Ball
3-1: Fly out, F9 (Line Drive, 9, EV 104.4 MPH)
Top of the 8th over - 0 runs, 0 hits, 0 errors, 1 left on base; Sioux City 8 - Kansas City 11
BOTTOM OF THE 8TH
Kansas City T-Bones batting - Pitching for Sioux City Explorers : RHP Chris Verrier
Batting: SHB Ricardo Trejo 0-0: Fly out, F7 (Flyball, 7, EV 91.9 MPH)
Batting: RHB Cory Majors 0-0: Ball
1-0: Ground out 5-3 (Groundball, 56S, EV 75.6 MPH)
Batting: RHB Tyler Barker 0-0: Ground out 6-3 (Groundball, 6, EV 89.4 MPH)
Bottom of the 8th over - 0 runs, 0 hits, 0 errors, 0 left on base; Sioux City 8 - Kansas City 11
TOP OF THE 9TH
Sioux City Explorers batting - Pitching for Kansas City T-Bones : RHP Francisco de Lira
Batting: LHB Andrew Vance 0-0: Ball
1-0: Foul Ball, location: 2F
1-1: Ball
2-1: Ball
3-1: Ground out 4-3 (Groundball, 4, EV 106.9 MPH)
Batting: LHB Jay Mizrahi 0-0: Called Strike
0-1: SOLO HOME RUN (Flyball, 89XD, EV 113.1 MPH), Distance : 434 ft
Batting: SHB Victor Jimenez 0-0: Ball
1-0: Foul Ball, location: 2F
1-1: Fly out, F5 (Popup, 5SF, EV 71.9 MPH)
Batting: RHB Izzy Mejilla 0-0: Ball
1-0: Ground out 6-3 (Groundball, 6, EV 85.6 MPH)
Top of the 9th over - 1 run, 1 hit, 0 errors, 0 left on base; Sioux City 9 - Kansas City 11
Saturday, April 6th , 2024 - OOTP Baseball 24.11 Build 85